 Dungeon Crawl Stone Soup version 0.31-b1-18-g61460d1e46 (webtiles) character file.

Game seed: 3007422519037662964

67 Arctor the Vexing (level 4, 0/45 (51) HPs)
             Began as a Gnoll Hexslinger on Jan 17, 2024.
             Succumbed to a gnoll's poison
             ... on level 2 of the Dungeon.
             The game lasted 00:01:02 (1097 turns).

Arctor the Vexing (Gnoll Hexslinger)                Turns: 1097, Time: 00:01:02

HP:   0/45 (51)     AC: 22    Str:  7    XL:     4   Next: 18%
MP:   8/8           EV:  2    Int: 13    God:
Gold: 25            SH:  0    Dex: 16    Spells: 7/9 levels left

rFire   . . .        a - +1 sling
rCold   . . .        (no shield)
rNeg    . . .        c - melded +0 robe
rPois   +            (helmet currently unavailable)
rElec   .            (cloak currently unavailable)
rCorr   .            (gloves currently unavailable)
SInv    .            (boots currently unavailable)
Will    .....        (no amulet)
Stlth   ++           (no ring)
HPRegen 0.27/turn    (no ring)
MPRegen 0.11/turn

%: no passive effects
@: lethally poisoned (0 -> -5), tree-form, weak-willed, enlightened, heavily
drained
A: stationary, stasis, torment immunity, boosted hp, (fangs 1), strong nose,
distributed training
a: no special abilities


You were on level 2 of the Dungeon.
You were a tree.
You visited 1 branch of the dungeon, and saw 2 of its levels.

You collected 25 gold pieces.

Inventory:

Hand Weapons
 a - a +1 sling (weapon)
Armour
 c - a +0 robe (melded)
Scrolls
 b - a scroll of poison
 e - a scroll of brand weapon {unknown}
 f - 2 scrolls of fog {unknown}
 g - 2 scrolls of teleportation {unknown}
 j - 2 scrolls of fear {unknown}
 k - 2 scrolls of identify {unknown}
 l - a scroll of blinking {unknown}


   Skills:
 + Level 2.7 Fighting
 + Level 1.1 Short Blades
 + Level 1.1 Long Blades
 + Level 1.1 Axes
 + Level 1.1 Maces & Flails
 + Level 1.1 Polearms
 + Level 1.1 Staves
 + Level 4.6 Ranged Weapons
 + Level 1.1 Throwing
 + Level 1.1 Armour
 + Level 4.6 Dodging
 + Level 1.1 Stealth
 + Level 1.1 Shields
 + Level 1.1 Unarmed Combat
 + Level 3.0 Spellcasting
 + Level 0.8 Conjurations
 + Level 5.4 Hexes
 + Level 0.8 Summonings
 + Level 0.8 Necromancy
 + Level 0.8 Translocations
 + Level 2.2 Fire Magic
 + Level 0.8 Ice Magic
 + Level 0.8 Air Magic
 + Level 0.8 Earth Magic
 + Level 0.8 Alchemy
 + Level 1.2 Invocations
 + Level 1.1 Evocations
 + Level 1.0 Shapeshifting


You had 7 spell levels left.
You knew the following spells:

 Your Spells              Type           Power      Damage    Failure   Level
a - Jinxbite              Hex            32%        N/A       3%          2

Your spell library contained the following spells:

 Spells                   Type           Power      Damage    Failure   Level
 Sigil of Binding         Hex            16%        N/A       8%          3
 Inner Flame              Hex/Fire       11%        N/A       14%         3
 Cause Fear               Hex            8%         N/A       24%         4
 Dimensional Bullseye     Hex/Tloc       5%         N/A       52%         4


Dungeon Overview and Level Annotations

Branches:
Dungeon (2/15)

Altars:


Innate Abilities, Weirdness & Mutations

You are a tree.
Your roots penetrate the ground, keeping you stationary.
You cannot be teleported.
You are immune to unholy pain and torment.
Your maximum health is greatly increased.
Your equipment is partially melded.
((You have very sharp teeth.))
Your uncanny sense of smell can sniff out nearby items.
Your experience applies equally to all skills.


Message History

You feel drained.
You shoot a sling bullet. The sling bullet hits the gnoll.
The gnoll is moderately wounded.
A giggling sprite leaps out and bonks the gnoll with its +0 whip of venom.
The gnoll is severely wounded.
The jinxing sprites lose interest in you.
You shoot a sling bullet.
The sling bullet closely misses the gnoll.
The sling bullet hits the gnoll.
The gnoll is heavily wounded.
The gnoll closely misses you.
The gnoll seems less drained.
The gnoll attacks as it pursues you!
The gnoll hits you with a +0 whip of venom.
* * * LOW HITPOINT WARNING * * *
You are lethally poisoned!
* * * LOW HITPOINT WARNING * * *
You feel sick.
* * * LOW HITPOINT WARNING * * *
You feel sick.
* * * LOW HITPOINT WARNING * * *
You feel sick. The gnoll attacks as it pursues you!
The gnoll barely misses you.
It was a potion of curing.
You feel better.
The gnoll hits you with a +0 whip of venom.
* * * LOW HITPOINT WARNING * * *
Okay, then.
You feel better.
The gnoll hits you with a +0 whip of venom.
* * * LOW HITPOINT WARNING * * *
You are lethally poisoned!
* * * LOW HITPOINT WARNING * * *
You feel very sick.
* * * LOW HITPOINT WARNING * * *
You feel sick.
It was a potion of lignification.
You turn into a tree.
Your +0 robe melds into your body.
Your roots penetrate the ground.
* * * LOW HITPOINT WARNING * * *
You feel sick. The gnoll hits you but does no damage.
It was a potion of enlightenment.
Your roots keep you in place.
You die...

####### #.# ##
#.....# #.# .#
#.....# #.# .#
#.....# #g#
.###.....# #.#
..##.....# #g#
#.##....## #g#
#.......# #g#
####....# #♣#
#....### #.#
####...######'#####
###..##........#
##..#........#
##..........#
###........#
#........#
#).......#


You could see 4 gnolls.

Vanquished Creatures
  Jessica (D:2)
  A dart slug (D:1)
  2 endoplasms (D:1)
  2 giant cockroaches
  A goblin (D:1)
  4 hobgoblins
  3 jackals (D:2)
  4 kobolds
  2 quokkas
  4 ball pythons
  4 bats (D:1)
  6 frilled lizards
  4 rats
38 creatures vanquished.

Notes
Turn   | Place    | Note
-------+----------+-------------------------------------------
     0 | D:1      | Arctor the Gnoll Hexslinger began the quest for the Orb.
     0 | D:1      | Reached XP level 1. HP: 17/17 MP: 4/4
    87 | D:1      | Reached XP level 2. HP: 23/23 MP: 5/5
   102 | D:1      | Learned a level 2 spell: Jinxbite
   499 | D:1      | Reached XP level 3. HP: 28/28 MP: 7/7
   921 | D:2      | Reached skill level 1 in Invocations
  1045 | D:2      | Noticed Jessica
  1050 | D:2      | Killed Jessica
  1051 | D:2      | Reached skill level 1 in Short Blades
  1051 | D:2      | Reached skill level 1 in Long Blades
  1051 | D:2      | Reached skill level 1 in Axes
  1051 | D:2      | Reached skill level 1 in Maces & Flails
  1051 | D:2      | Reached skill level 1 in Polearms
  1051 | D:2      | Reached skill level 1 in Staves
  1051 | D:2      | Reached skill level 1 in Throwing
  1051 | D:2      | Reached skill level 1 in Armour
  1051 | D:2      | Reached skill level 1 in Stealth
  1051 | D:2      | Reached skill level 1 in Shields
  1051 | D:2      | Reached skill level 1 in Unarmed Combat
  1051 | D:2      | Reached skill level 1 in Evocations
  1051 | D:2      | Reached skill level 1 in Shapeshifting
  1051 | D:2      | Reached XP level 4. HP: 34/34 MP: 8/8
  1090 | D:2      | HP: 1/30 [poisoned by a gnoll]
  1095 | D:2      | HP: 1/30 [poisoned by a gnoll]
  1097 | D:2      | Succumbed to a gnoll's poison

Illustrated notes

Levels and vault maps discovered:
D:1:      roadster_arrival_rocket_large, layout_loops_ring
D:2:      cheibrodos_pilgrimage, layout_basic, serial_shops,
          nicolae_shop_tiny_real_fake_doors, grunt_decor_one_mirror,
          minmay_tromino_v4_c, uniq_jessica

Skill      XL: |  1  2  3 |
---------------+----------+-----
Fire Magic     | 2 |  2.2
Invocations    | 1 |  1.2
Short Blades   | 1 |  1.1
Long Blades    | 1 |  1.1
Axes           | 1 |  1.1
Maces & Flails | 1 |  1.1
Polearms       | 1 |  1.1
Staves         | 1 |  1.1
Throwing       | 1 |  1.1
Armour         | 1 |  1.1
Stealth        | 1 |  1.1
Shields        | 1 |  1.1
Unarmed Combat | 1 |  1.1
Spellcasting   | 3 |  3.0
Evocations     | 1 |  1.1
Shapeshifting  | 1 |  1.0
Fighting       | |  2.7
Ranged Weapons | |  4.6
Dodging        | |  4.6
Conjurations   | |  0.8
Hexes          | |  5.4
Summonings     | |  0.8
Necromancy     | |  0.8
Translocations | |  0.8
Ice Magic      | |  0.8
Air Magic      | |  0.8
Earth Magic    | |  0.8
Alchemy        | |  0.8

Action                     |  1- 3 |  4- 6 || total
---------------------------+-------+-------++-------
   Fire: Sling             |   105 |    11 ||   116
   Cast: Jinxbite          |       |     1 ||     1
    Use: Potion            |       |     4 ||     4
 Armour: Robe              |    32 |     8 ||    40
         Skin              |       |     1 ||     1
  Dodge: Dodged            |    25 |     3 ||    28
